 Dungeon Crawl Stone Soup version 0.29.1-2-gbd0b4ee654 (webtiles) character file.

Game seed: 16824427783888023402

88 Ivernyr the Gusty (level 4, -2/42 HPs)
             Began as an Ogre Air Elementalist on Nov 3, 2022.
             Succumbed to a gnoll's poison
             ... on level 2 of the Dungeon.
             The game lasted 00:08:32 (2202 turns).

Ivernyr the Gusty (Ogre Air Elementalist)           Turns: 2202, Time: 00:08:33

Health: -2/42      AC:  3    Str: 12    XL:     4   Next: 53%
Magic:  0/9        EV: 10    Int: 18    God:
Gold:   118        SH:  0    Dex:  9    Spells: 6/9 levels left

rFire   . . .      SeeInvis .   (no weapon)
rCold   . . .      Faith    .   (no shield)
rNeg    . . .      Spirit   .   a - +0 robe
rPois   .          Reflect  .   (helmet restricted)
rElec   .          Harm     .   (no cloak)
rCorr   .          Rampage  .   (gloves unavailable)
Will    .....                   (boots unavailable)
Stlth   +.........              (no amulet)
HPRegen 0.14/turn               (no ring)
MPRegen 0.11/turn               (no ring)

@: lethally poisoned (-2 -> -13), very slightly contaminated
A: large, unfitting armour, tough skin 1
a: no special abilities


You were on level 2 of the Dungeon.
You visited 1 branch of the dungeon, and saw 2 of its levels.

You collected 118 gold pieces.

Inventory:

Armour
 a - a +0 robe (worn)
Jewellery
 i - a ring of magical power
Scrolls
 c - a scroll of blinking {unknown}
 d - 2 scrolls of amnesia {unknown}
Potions
 b - a potion of magic
 e - a potion of brilliance {unknown}
 f - a potion of berserk rage {unknown}
 g - a potion of lignification {unknown}
 h - a potion of flight {unknown}
 j - a potion of curing {unknown}
 k - a potion of might {unknown}


   Skills:
 + Level 2.0 Fighting
 + Level 2.4 Dodging
 - Level 1.4 Stealth
 * Level 3.3 Spellcasting
 - Level 0.8 Conjurations
 + Level 3.5 Air Magic


You had 6 spell levels left.
You knew the following spells:

 Your Spells              Type           Power      Damage    Failure   Level
a - Shock                 Conj/Air       40%        1d5       6%          1
b - Static Discharge      Conj/Air       10%        3-5/arc   10%         2

Your spell library contained the following spells:

 Spells                   Type           Power      Damage    Failure   Level
 Swiftness                Air            15%        N/A       11%         3
 Airstrike                Air            7%         2d(2-18)  36%         4


Dungeon Overview and Level Annotations

Branches:
Dungeon (2/15)

Altars:


Innate Abilities, Weirdness & Mutations

You are too large for most types of armour.
You have tough skin. (AC +1)


Message History

The zap hits the gnoll.
The gnoll is severely wounded.
The zap hits the gnoll.
The gnoll is almost dead.
* * * LOW HITPOINT WARNING * * *
You feel very sick. The gnoll hits you but does no damage.
You are lethally poisoned!
Casting: Shock (safe; 7% risk of failure)
Confirm with . or Enter, or press ? or * to list all spells.
Aiming: Shock (safe; 7% risk of failure)
Press: ? - help, Shift-Dir - straight line, f/p - gnoll
Aim: a gnoll, wielding a +0 whip (almost dead, 72% to hit)
The zap hits the gnoll.
You kill the gnoll!
The zap hits the gnoll.
The gnoll is heavily wounded.
The zap hits the gnoll but does no damage.
The gnoll is severely wounded.
The zap hits the gnoll.
You kill the gnoll!
* * * LOW HITPOINT WARNING * * *
You feel very sick.
Your Fighting skill increases to level 2!
Casting: Shock (safe; 6% risk of failure)
Confirm with . or Enter, or press ? or * to list all spells.
Aiming: Shock (safe; 6% risk of failure)
Press: ? - help, Shift-Dir - straight line, f - gnoll
Aim: a gnoll, wielding a +0 club (heavily wounded, 72% to hit)
The zap hits the gnoll.
The gnoll is heavily wounded.
The zap hits the gnoll.
The gnoll is almost dead.
* * * LOW HITPOINT WARNING * * *
You feel very sick. The gnoll hits you with a +0 club.
* * * LOW HITPOINT WARNING * * *
You closely miss the gnoll.
The gnoll is heavily wounded.
You die...

#.# #.# #....^ #.# #.# #####.
#.################.# #.
#.##............##.##########.
####.##..#######.#.##.##.........
......#..# #...#.##............
......#..# ###.#.##.##.###.###.
......'..# #......##.##......
......#.## #@#..#.##.##..###.
....).#.##### #g#....##.##......
####........# #g#..#............
#.##)###.####.#.............#.
..............)#..#.##.........
.................................
......#####.g###.#.##.###.#.##...
......# ###...............)......
......###....###.......<.........


You could see 2 gnolls.

Vanquished Creatures
  2 gnolls (D:2)
  2 adders (D:2)
  A worm (D:2)
  A dart slug (D:1)
  5 endoplasms
  2 giant cockroaches
  5 goblins
  4 hobgoblins (D:1)
  3 jackals (D:1)
  2 kobolds
  6 ball pythons
  8 bats
  3 rats
44 creatures vanquished.

Notes
Turn   | Place    | Note
-------+----------+-------------------------------------------
     0 | D:1      | Ivernyr the Ogre Air Elementalist began the quest for the
                  | Orb.
     0 | D:1      | Reached XP level 1. HP: 16/16 MP: 3/3
   206 | D:1      | Reached XP level 2. HP: 22/26 MP: 0/5
   255 | D:1      | Learned a level 2 spell: Static Discharge
   266 | D:1      | Found a faded altar of an unknown god.
   377 | D:1      | Reached skill level 1 in Fighting
   580 | D:1      | Reached XP level 3. HP: 26/33 MP: 0/7
  1759 | D:2      | Identified the +9 spear "Atinkoiq" {drain, Str+6}
  1847 | D:2      | Reached XP level 4. HP: 42/42 MP: 6/8
  2201 | D:2      | HP: 1/42 [gnoll/+0 club (6)]
  2202 | D:2      | Succumbed to a gnoll's poison

Illustrated notes

Levels and vault maps discovered:
D:1:      roderic_crossed_star, layout_basic,
          shapermc_ecumenical_altar_mp_ritualfount
D:2:      layout_basic, minmay_misc_feat_cross

Skill      XL: |  1  2  3  4 |
---------------+-------------+-----
Dodging        | 2 |  2.4
Air Magic      | 3 |  3.5
Fighting       | 1 2 |  2.0
Spellcasting   | 3 |  3.3
Stealth        | |  1.4
Conjurations   | |  0.8

Action                   |  1- 3 |  4- 6 || total
-------------------------+-------+-------++-------
Melee: Unarmed           |    35 |     1 ||    36
 Cast: Shock             |    73 |    18 ||    91
Armor: Robe              |    28 |     1 ||    29
Dodge: Dodged            |    42 |     2 ||    44
